 Dungeon Crawl Stone Soup version 0.31-a0-182-gc5ef74bbde (webtiles) character file.

Game seed: 3788329125812908753

57 porpoise the Shooter (level 4, -3/27 HPs)
             Began as a Tengu Hunter on June 21, 2023.
             Slain by a gnoll
             ... wielding a +0 club
              (4 damage)
             ... on level 2 of the Dungeon.
             The game lasted 00:03:26 (1180 turns).

porpoise the Shooter (Tengu Hunter)                 Turns: 1180, Time: 00:03:27

Health: -3/27      AC:  3    Str: 11    XL:     4   Next: 0%
Magic:  5/5        EV: 12    Int:  9    God:
Gold:   19         SH:  0    Dex: 20    Spells: 3/3 levels left

rFire   . . .        a - +0 shortbow
rCold   . . .        (shield currently unavailable)
rNeg    . . .        c - +0 leather armour
rPois   .            (helmet restricted)
rElec   .            (no cloak)
rCorr   .            (no gloves)
SInv    .            (boots unavailable)
Will    .....        (no amulet)
Stlth   ++           (no ring)
HPRegen 0.24/turn    (no ring)
MPRegen 0.09/turn

%: no passive effects
@: no status effects
A: beak, talons 3
a: no special abilities


You were on level 2 of the Dungeon.
You visited 1 branch of the dungeon, and saw 2 of its levels.

You collected 19 gold pieces.

Inventory:

Hand Weapons
 a - a +0 shortbow (weapon)
 b - a +0 dagger
 i - a +0 quarterstaff
Armour
 c - a +0 leather armour (worn)
Scrolls
 d - 2 scrolls of identify {unknown}
 e - a scroll of butterflies
 g - a scroll of enchant weapon {unknown}
 k - 2 scrolls of brand weapon {unknown}
 l - a scroll of teleportation {unknown}
Potions
 f - 2 potions of curing {unknown}
 h - 2 potions of attraction {unknown}
 j - 2 potions of degeneration {unknown}
 m - a potion of cancellation {unknown}


   Skills:
 + Level 2.8 Fighting
 * Level 5.5 Ranged Weapons
 - Level 2.1 Dodging
 - Level 1.0 Stealth


You had 3 spell levels left.
You didn't know any spells.
Your spell library was empty.

Dungeon Overview and Level Annotations

Branches:
Dungeon (2/15)

Altars:


Innate Abilities, Weirdness & Mutations

You have a beak for a mouth.
You have claws for feet.


Message History

You shoot an arrow. The arrow hits the gnoll.
The gnoll is moderately wounded.
A gnoll comes into view. It is wielding a +0 flail.
You shoot an arrow. The arrow hits the gnoll.
The gnoll is moderately wounded.
The gnoll hits you with the +3 quarterstaff of the Many Xeniums {vamp, rElec rPois rC+}.
The gnoll draws strength from your wounds!
The gnoll attacks as you move away!
The gnoll hits you with the +3 quarterstaff of the Many Xeniums {vamp, rElec rPois rC+}!
The gnoll draws strength from your wounds!
The gnoll barely misses you. The gnoll attacks as you move away!
The gnoll barely misses you. The gnoll attacks as you move away!
The gnoll closely misses you.
You are too injured to fight recklessly!
You are too injured to fight recklessly!
Fire: a) +0 shortbow
Press: ? - help, Q - select action Shift-Dir - straight line, f/p - gnoll
Aim: a gnoll, wielding the +3 quarterstaff of the Many Xeniums {vamp, rElec rPois rC+} (68% to hit)
You shoot an arrow. The arrow hits the gnoll!
The gnoll is severely wounded.
The gnoll hits you with a +0 club.
* * * LOW HITPOINT WARNING * * *
You shoot an arrow. The arrow closely misses the gnoll.
The arrow hits the gnoll.
The gnoll is heavily wounded.
The gnoll completely misses you.
You shoot an arrow. The arrow barely misses the gnoll.
The arrow hits the gnoll!
You kill the gnoll!
The gnoll closely misses you. The gnoll barely misses you.
You have reached level 4!
You feel agile.
You shoot an arrow. The arrow hits the gnoll.
The gnoll is severely wounded.
The gnoll hits you with a +0 club.
* * * LOW HITPOINT WARNING * * *
You shoot an arrow. The arrow hits the gnoll.
The gnoll is almost dead.
The gnoll hits you with a +0 club.
You die...

... ....###.....>...... ... ####
##.#.......... #.#
##..#..........
####.#######.............. .
##.##.#........##..........
.######..#..#.######.#...........
..#........#..# #.#.#####.#(..
.............#######...# #.#...
...>......##.gBg@...)### #.#...
......)...##.#######.# #.#...
.............# ####.# ##.#...
##.......##..####....# #......
...##..#.###..##..#### #..#...
..=....#...##.#..## #..#...
##.........##...## ###..##..
#.....#...<..#...########.......#
#..##.####...##..#.........#)####


You could see 2 gnolls and a giant cockroach.

Vanquished Creatures
  2 gnolls (D:2)
  A dart slug (D:1)
  4 endoplasms
  A giant cockroach (D:2)
  7 hobgoblins
  A kobold (D:1)
  A quokka (D:1)
  5 ball pythons (D:1)
  2 bats (D:1)
  2 frilled lizards (D:1)
  5 goblins
  2 rats (D:1)
33 creatures vanquished.

Notes
Turn   | Place    | Note
-------+----------+-------------------------------------------
     0 | D:1      | porpoise the Tengu Hunter began the quest for the Orb.
     0 | D:1      | Reached XP level 1. HP: 12/12 MP: 2/2
   127 | D:1      | Reached XP level 2. HP: 17/17 MP: 3/3
   496 | D:1      | Reached skill level 5 in Ranged Weapons
   781 | D:1      | Reached XP level 3. HP: 22/22 MP: 4/4
  1162 | D:2      | Identified the +3 quarterstaff of the Many Xeniums {vamp,
                  | rElec rPois rC+}
  1179 | D:2      | Reached XP level 4. HP: 6/27 MP: 5/5
  1179 | D:2      | HP: 1/27 [gnoll/+0 club (5)]
  1180 | D:2      | Slain by a gnoll

Illustrated notes

Levels and vault maps discovered:
D:1:      tarquinn_simple_flora_water_e, layout_loops_ring, minmay_statues_item,
          st_stairs_14, nicolae_hexahallways
D:2:      layout_rooms, uniq_crazy_yiuf_cottage

Skill      XL: |  1  2 |
---------------+-------+-----
Ranged Weapons | 5 |  5.5
Fighting       | |  2.8
Dodging        | |  2.1
Stealth        | |  1.0

Action                     |  1- 3 |  4- 6 || total
---------------------------+-------+-------++-------
  Melee: Dagger            |     5 |       ||     5
         Peck              |     2 |       ||     2
         Kick              |     1 |       ||     1
         Punch             |     1 |       ||     1
   Fire: Shortbow          |    89 |     2 ||    91
 Armour: Leather armour    |     4 |       ||     4
  Dodge: Dodged            |    21 |       ||    21

Table legend: (Time is in decaauts)
 A = Elapsed time spent in this place.
 B = Non-inter-level travel time spent in this place.
 C = Inter-level travel time spent in this place.
 D = Time resting spent in this place.
 E = Time spent auto-exploring this place.
 F = Levels seen in this place.
 G = Mean time per level.
                   A        B        C        D        E       F      G
               +--------+--------+--------+--------+--------+-----+--------+
         Total |   1195 |   1114 |     81 |     45 |    880 |   2 |  597.5 |
       Dungeon |   1195 |   1114 |     81 |     45 |    880 |   2 |  597.5 |
               +--------+--------+--------+--------+--------+-----+--------+

Top non-repeatable levels by time:
     D:1: 1034 daAuts
     D:2: 160 daAuts
